Map: [ESL] Data-C

Players

SpeCial - Winner!

  • Race: Terran Terran
  • Spawn Location: 9:00

Gerald

  • Race: Protoss Protoss
  • League: Master
  • Spawn Location: 3:00

Event: TSL 9

VOD

Have the link to the VOD?

Description

Time

  • Played on: July 31, 2022, 8:27 a.m.
  • Length: 19:44

All games in this series

Show
View Real Time Build Order
Export as new Build Order

SpeCial Terran - Winner!

Build Orders:  

Get SALT Encoding   

  12  0:00  SCV  
  13  0:12  SCV  
  14  0:18  Supply Depot  
  14  0:24  SCV  
  15  0:39  SCV  
  15  0:42  Barracks  
  16  0:46  Refinery  
  16  0:51  SCV  
  17  0:57  Refinery  
  17  1:04  SCV  
  18  1:16  SCV  
  19  1:29  Reaper, Orbital Command  
  19  1:31  Supply Depot  
  20  1:49  Factory  
  20  1:55  SCV  
  21  2:01  Reaper  
  21  2:07  SCV  
  23  2:19  SCV  
  23  2:21  Supply Depot  
  24  2:32  SCV  
  25  2:45  SCV, Armory  
  25  2:48  Barracks Reactor  
  26  2:56  Command Center  
  26  2:59  SCV  
  26  3:02  Widow Mine  
  29  3:07  Supply Depot  
  29  3:12  SCV  
  30  3:23  Widow Mine  
  30  3:24  SCV  
  33  3:38  Barracks x2, SCV  
  32  3:44  Marine x2  
  32  3:45  Widow Mine  
  36  3:52  SCV  
  37  4:02  Marine x2  
  39  4:05  SCV  
  39  4:09  Orbital Command  
  36  4:16  Bunker  
  36  4:22  SCV  
  35  4:25  Barracks Tech Lab x2  
  35  4:28  Marine x2  
  37  4:34  SCV  
  37  4:35  SCV  
  37  4:38  Starport  
  39  4:44  Marauder x2  
  43  4:48  Marine x2  
  43  4:51  Stimpack  
  43  4:52  SCV  
  46  4:53  SCV  
  46  4:55  Supply Depot  
  47  5:04  SCV, Combat Shield  
  47  5:05  SCV, Marine  
  47  5:06  Marine  
  51  5:08  Marauder  
  51  5:10  Marauder  
  51  5:12  Widow Mine  
  57  5:15  Medivac  
  57  5:18  SCV x2  
  57  5:20  Supply Depot  
  61  5:25  Engineering Bay, Refinery  
  61  5:26  Marine  
  61  5:27  Marine  
  63  5:32  SCV  
  63  5:33  SCV, Widow Mine  
  67  5:37  Supply Depot  
  67  5:39  Marine x2  
  69  5:44  Marine  
  69  5:45  Supply Depot, Marine  
  69  5:48  Starport Reactor  
  71  5:55  SCV x2, Widow Mine  
  71  5:56  Terran Infantry Weapons Level 1  
  75  6:02  Marine  
  75  6:03  Marauder, Marine  
  81  6:04  Marauder  
  81  6:08  Supply Depot  
  81  6:10  SCV x2  
  83  6:21  Widow Mine, Marine  
  83  6:22  Marine  
  83  6:24  SCV  
  88  6:26  SCV  
  88  6:29  Medivac x2  
  92  6:47  Supply Depot, Command Center  
  92  6:53  Marauder x2, Marine x2  
  98  6:59  Medivac x2  
  102  7:08  Barracks  
  102  7:09  Barracks, Refinery  
  102  7:12  Supply Depot  
  102  7:13  SCV x2  
  102  7:15  Marine x2  
  106  7:29  Marauder x2  
  110  7:35  SCV x2  
  112  7:37  Viking x2  
  116  7:45  Supply Depot  
  116  7:47  SCV x2  
  118  7:54  Supply Depot  
  118  7:59  SCV x2, Marine x2  
  118  8:01  Barracks Tech Lab  
  118  8:02  Barracks Reactor  
  122  8:07  Viking x2  
  124  8:16  Marine x2  
  126  8:23  Orbital Command  
  126  8:24  Terran Infantry Weapons Level 2  
  126  8:26  SCV x2  
  128  8:29  Marauder x2  
  128  8:31  Marauder  
  134  8:34  Marine x2  
  134  8:38  SCV  
  134  8:39  SCV  
  136  8:44  Supply Depot  
  136  8:50  SCV, Marine x2  
  136  8:51  SCV, Marauder  
  136  8:52  SCV, Marine x2  
  136  8:53  Refinery  
  136  8:54  Viking  
  147  8:55  Viking  
  147  9:02  Ghost Academy  
  149  9:06  SCV x2  
  126  9:23  Marine x4  
  126  9:24  Viking  
  132  9:25  Viking  
  132  9:26  Marauder x2  
  132  9:27  Marauder  
  132  9:28  SCV x3  
  143  9:33  Supply Depot  
  143  9:35  Supply Depot  
  143  9:37  Widow Mine  
  143  9:45  Concussive Shells  
  143  9:47  Marine x2  
  143  9:48  Marine  
  143  9:49  Marine  
  143  9:50  Command Center  
  143  9:52  Enhanced Shockwaves  
  147  9:53  Missile Turret  
  147  9:59  Widow Mine  
  149  10:02  Ghost x2  
  149  10:05  Marine x3  
  149  10:06  Ghost  
  157  10:07  Marine  
  157  10:12  Medivac x2  
  162  10:15  SCV x3  
  162  10:20  Widow Mine  
  167  10:22  Terran Ship Weapons Level 1  
  167  10:27  SCV  
  168  10:33  Marauder, Marine  
  168  10:34  Marine  
  168  10:35  Marauder  
  149  10:41  Marauder, Marine  
  138  10:48  Medivac  
  138  10:49  Medivac, Marine  
  137  10:50  Marine  
  137  10:52  Marine  
  137  10:54  SCV  
  137  10:55  SCV x2, Marauder  
  137  10:56  Marauder  
  144  10:58  Marine  
  143  11:04  Planetary Fortress  
  143  11:06  Barracks  
  143  11:07  Barracks  
  143  11:08  Barracks  
  141  11:11  Marine  
  141  11:12  Marauder, Marine x2  
  141  11:15  Marine  
  141  11:16  Marine  
  148  11:20  Medivac x2  
  152  11:29  Marauder, Marine  
  151  11:35  Marauder, Marine  
  151  11:37  Marauder, Marine  
  151  11:38  Marine  
  152  11:41  Terran Infantry Weapons Level 3  
  147  11:47  Marine  
  147  11:51  Marauder  
  147  11:53  Barracks Tech Lab, Marine  
  150  11:55  Marine  
  150  11:56  Fusion Core, Marine  
  150  11:57  Marauder  
  150  11:58  Marine  
  150  11:59  Marauder, Marine  
  142  12:05  Marine  
  142  12:06  Command Center  
  143  12:10  Marine  
  143  12:11  Marauder  
  143  12:12  Marauder, Marine  
  143  12:14  Marine  
  150  12:18  Marauder  
  150  12:19  Barracks Reactor, Barracks Tech Lab  
  150  12:20  Marauder  
  150  12:22  Terran Ship Weapons Level 2  
  154  12:23  Marine  
  154  12:28  Marine  
  156  12:30  Marine  
  156  12:31  Marine  
  156  12:33  Marauder  
  156  12:34  Marauder  
  156  12:36  Sensor Tower  
  162  12:39  Liberator, Marine  
  162  12:40  Marine  
  162  12:41  Ghost  
  163  12:45  Liberator  
  163  12:46  Marine  
  163  12:48  Marine  
  163  12:49  Marauder, Marine  
  165  12:55  Marauder, Marine  
  165  12:56  SCV x2  
  165  12:58  Marine  
  167  12:59  Marauder x2  
  172  13:08  SCV x2, Sensor Tower  
  172  13:09  Advanced Ballistics, Refinery  
  172  13:10  Refinery  
  174  13:12  Marine  
  174  13:13  Marauder, Marine x3  
  174  13:17  Marauder, Marine  
  183  13:21  Marine  
  183  13:22  Marauder  
  183  13:23  Liberator  
  186  13:33  Ghost  
  184  13:38  Marauder, Marine x2  
  184  13:39  Marauder, Marine  
  178  13:49  Marauder, Marine x2  
  178  13:51  Marine  
  178  13:52  Marauder  
  185  14:00  Marauder, Marine x3  
  190  14:03  Planetary Fortress  
  190  14:06  Liberator  
  190  14:08  Marauder, Marine  
  196  14:18  Terran Infantry Armor Level 1  
  196  14:28  Marine  
  196  14:29  Marauder  
  199  14:38  Factory  
  190  14:48  Marine  
  190  14:49  Marauder, Marine  
  187  14:53  Marine x4  
  187  14:54  Marauder  
  187  14:55  Medivac x2  
  186  15:07  Marine  
  186  15:08  Marauder  
  186  15:10  Marauder, Marine x2  
  188  15:17  Marauder, Marine  
  184  15:26  Marauder, Marine  
  184  15:28  Marine  
  181  15:29  Marauder  
  181  15:33  Marauder, Marine  
  181  15:34  Liberator, Marine  
  181  15:35  Liberator, Marauder  
  193  15:39  Marauder, Marine x2  
  184  15:43  Marine  
  184  15:46  Marine  
  184  15:47  Marauder  
  179  15:50  Marauder  
  179  15:51  Starport, Marine  
  179  15:55  Marauder  
  184  15:58  Marine  
  184  15:59  Marauder  
  184  16:02  Marauder, Marine  
  163  16:12  Marine x2  
  163  16:13  Marauder  
  163  16:16  Marine x3  
  163  16:17  Viking, Marauder x2  
  163  16:18  Viking, Starport  
  176  16:20  Marauder, Marine  
  176  16:23  Refinery, Marine  
  176  16:25  Missile Turret  
  180  16:28  Terran Infantry Armor Level 2  
  180  16:30  Terran Ship Weapons Level 3, Marine x2  
  180  16:33  SCV x4, Refinery  
  180  16:34  SCV, Marauder, Marine x3  
  180  16:37  Marine  
  180  16:38  Marauder  
  180  16:39  Marauder  
  195  16:41  Marine  
  195  16:42  Marauder  
  198  16:48  Marine  
  198  16:49  Marine  
  172  17:24  Marine  
  172  17:25  Marauder  
  172  17:27  Marauder, Marine  
  161  17:31  Marine  
  161  17:32  Liberator x2, Marauder  
  161  17:44  Liberator x2  
  152  17:46  Marauder, Marine x2  
  152  17:48  Marine x2  
  152  17:49  Marauder  
  165  17:51  Missile Turret  
  165  17:57  Command Center  
  165  17:58  Marauder, Marine  
  162  17:59  Marine  
  162  18:00  Marauder  
  162  18:01  Marauder  
  162  18:04  Marine x2  
  161  18:08  Marauder  
  161  18:10  Marauder, Marine  
  161  18:11  Marine  
  151  18:15  Liberator x2  
  151  18:19  Marauder  
  151  18:20  Marine  
  152  18:27  Liberator, Medivac  
  152  18:28  Marine  
  152  18:32  Marine  
  152  18:33  Marauder  
  159  18:41  Marine  
  159  18:42  Marauder  
  159  18:43  Orbital Command  
Show
View Real Time Build Order
Export as new Build Order

Gerald Protoss 

Build Orders: 1 Gate Expand, Colossus Rush 

Get SALT Encoding   

  12  0:00  Probe  
  13  0:12  Probe  
  14  0:18  Pylon  
  14  0:24  Probe (Chrono Boost)  
  15  0:36  Probe (Chrono Boost)  
  15  0:42  Gateway  
  16  0:45  Probe (Chrono Boost)  
  17  0:50  Probe  
  17  0:54  Assimilator  
  18  1:03  Probe  
  19  1:15  Probe  
  20  1:27  Probe  
  20  1:28  Nexus  
  21  1:38  Cybernetics Core  
  21  1:44  Assimilator  
  21  1:46  Probe  
  22  1:56  Pylon  
  22  1:58  Probe  
  22  2:11  Probe, Stalker (Chrono Boost)  
  25  2:16  Pylon  
  25  2:23  Probe  
  26  2:32  Adept (Chrono Boost)  
  26  2:35  Probe  
  29  2:42  Probe  
  29  2:43  Warp Gate  
  29  2:47  Probe  
  30  2:54  Probe  
  30  2:55  Stalker (Chrono Boost)  
  33  2:59  Probe  
  34  3:06  Shield Battery, Probe  
  34  3:10  Robotics Facility  
  34  3:11  Probe  
  36  3:18  Probe  
  36  3:19  Stalker  
  37  3:23  Probe  
  40  3:31  Probe  
  41  3:36  Probe  
  42  3:43  Probe  
  42  3:48  Probe  
  44  3:55  Probe  
  44  4:00  Observer, Probe  
  47  4:10  Nexus  
  47  4:12  Probe  
  48  4:18  Robotics Bay  
  48  4:24  Warp Prism (Chrono Boost)  
  48  4:30  Pylon  
  49  4:33  Probe  
  50  4:40  Gateway  
  50  4:48  Gateway, Probe x2  
  50  4:50  Assimilator  
  52  4:56  Twilight Council  
  52  4:57  Observer  
  52  5:00  Probe  
  52  5:04  Probe, Assimilator  
  54  5:07  Observer, Colossus (Chrono Boost)  
  54  5:12  Probe  
  54  5:13  Gravitic Drive (Chrono Boost)  
  61  5:16  Probe  
  62  5:25  Probe  
  63  5:29  Probe  
  63  5:32  Probe  
  65  5:37  Probe  
  65  5:41  Probe  
  67  5:43  Blink (Chrono Boost)  
  67  5:44  Probe  
  67  5:46  Shield Battery  
  67  5:49  Probe  
  69  5:50  Observer  
  69  5:51  Colossus (Chrono Boost)  
  69  5:53  Probe  
  69  5:55  Stalker  
  76  5:58  Pylon  
  76  5:59  Shield Battery  
  76  6:05  Probe  
  76  6:07  Forge  
  76  6:08  Pylon  
  77  6:17  Stalker x2  
  77  6:18  Stalker  
  83  6:23  Probe  
  83  6:24  Probe  
  85  6:27  Extended Thermal Lance (Chrono Boost)  
  85  6:30  Probe  
  86  6:35  Probe  
  86  6:36  Probe  
  86  6:37  Gateway  
  86  6:38  Gateway  
  87  6:42  Probe  
  89  6:55  Protoss Ground Weapons Level 1  
  89  6:57  Probe  
  89  6:58  Probe x2  
  91  7:06  Pylon  
  91  7:09  Probe  
  91  7:10  Probe, Gateway  
  91  7:11  Gateway x2  
  93  7:17  Photon Cannon  
  93  7:21  Colossus (Chrono Boost), Assimilator  
  93  7:23  Assimilator  
  93  7:27  Charge (Chrono Boost), Probe  
  93  7:29  Robotics Facility  
  99  7:30  Stalker  
  101  7:38  Pylon  
  101  7:39  Pylon  
  101  7:40  Gateway, Pylon  
  101  7:42  Pylon  
  101  7:50  Pylon  
  101  7:56  Probe x2  
  101  7:58  Nexus, Photon Cannon, Stalker  
  105  7:59  Shield Battery  
  105  8:00  Pylon x2  
  105  8:03  Probe  
  105  8:04  Photon Cannon  
  102  8:07  Photon Cannon  
  99  8:15  Probe  
  99  8:18  Stalker x2  
  103  8:23  Probe x2  
  103  8:26  Disruptor (Chrono Boost)  
  105  8:29  Disruptor (Chrono Boost)  
  109  8:36  Probe  
  109  8:40  Probe x2  
  112  8:48  Probe (Chrono Boost)  
  113  8:52  Disruptor (Chrono Boost)  
  112  8:56  Photon Cannon  
  112  8:57  Probe (Chrono Boost)  
  112  9:00  Disruptor, Probe (Chrono Boost)  
  115  9:09  Zealot x4  
  107  9:20  Disruptor (Chrono Boost)  
  107  9:21  Nexus  
  107  9:22  Probe (Chrono Boost)  
  111  9:28  Probe (Chrono Boost)  
  111  9:29  Probe (Chrono Boost)  
  112  9:31  Probe (Chrono Boost)  
  112  9:35  Probe (Chrono Boost), Protoss Ground Weapons Level 2 (Chrono Boost)  
  112  9:36  Probe x2 (Chrono Boost)  
  117  9:41  Templar Archives  
  117  9:43  Disruptor (Chrono Boost)  
  118  9:46  Probe  
  118  9:47  Shield Battery, Probe  
  118  9:48  Probe  
  122  9:52  Observer (Chrono Boost)  
  122  9:58  Probe  
  122  9:59  Photon Cannon  
  123  10:01  Probe x2  
  125  10:12  Immortal  
  129  10:18  Observer  
  131  10:21  Probe (Chrono Boost)  
  131  10:25  High Templar x4  
  131  10:26  Probe (Chrono Boost)  
  131  10:27  Probe (Chrono Boost)  
  141  10:30  Archon x2  
  141  10:32  Probe (Chrono Boost)  
  122  10:35  Probe (Chrono Boost)  
  122  10:36  Probe (Chrono Boost), Stalker x3  
  122  10:37  Stalker  
  122  10:40  Immortal (Chrono Boost)  
  111  10:51  Disruptor (Chrono Boost)  
  114  11:00  Probe  
  114  11:02  Probe x2  
  114  11:03  Shield Battery  
  115  11:07  Shield Battery, Photon Cannon  
  115  11:09  Zealot x5  
  115  11:10  Zealot, Assimilator  
  127  11:14  High Templar, Assimilator  
  127  11:15  Disruptor (Chrono Boost), High Templar  
  134  11:21  Disruptor (Chrono Boost)  
  134  11:22  Pylon  
  134  11:25  Archon  
  137  11:32  Zealot x6  
  127  11:41  Disruptor (Chrono Boost)  
  118  11:49  Disruptor (Chrono Boost)  
  118  11:50  Zealot x2  
  119  11:56  Stalker x6  
  129  12:02  Protoss Ground Armor Level 1 (Chrono Boost)  
  129  12:04  Probe  
  129  12:06  Probe  
  129  12:08  Forge  
  131  12:09  Nexus  
  131  12:10  Pylon  
  131  12:11  Observer  
  131  12:13  Stalker x2  
  135  12:16  Disruptor (Chrono Boost)  
  142  12:26  Immortal (Chrono Boost)  
  142  12:27  Probe  
  143  12:37  Zealot x8  
  139  12:58  Zealot x8  
  129  13:01  Probe  
  147  13:09  Colossus x2 (Chrono Boost)  
  147  13:10  Protoss Ground Weapons Level 3 (Chrono Boost)  
  144  13:15  Probe x3  
  153  13:21  Assimilator  
  153  13:25  Zealot x6  
  160  13:33  Zealot x2  
  138  13:47  Probe  
  138  13:48  Probe  
  134  13:50  Pylon  
  134  13:51  Stalker x6  
  146  14:08  Colossus  
  152  14:11  Nexus  
  152  14:12  Protoss Ground Armor Level 2 (Chrono Boost)  
  150  14:19  Assimilator  
  150  14:20  Zealot x6  
  160  14:34  Stalker  
  160  14:35  Stalker  
  156  14:49  Stalker  
  156  14:50  Stalker x5  
  160  15:09  Stalker x2  
  160  15:10  Probe  
  164  15:15  Pylon  
  164  15:16  Pylon  
  164  15:17  Pylon  
  164  15:19  Pylon  
  164  15:20  Pylon  
  164  15:21  Zealot x4  
  139  15:35  Zealot x4  
  119  15:45  Stalker x4  
  127  16:04  Nexus, Zealot x4  
  112  16:13  Probe  
  112  16:17  Cybernetics Core  
  112  16:18  Immortal x2  
  121  16:24  Nexus  
  121  16:33  High Templar x6  
  121  16:34  High Templar  
  121  16:37  Archon x2  
  121  16:38  Archon, High Templar  
  137  16:41  Probe  
  137  16:42  Archon  
  137  16:43  Probe x2  
  140  16:53  Probe  
  141  16:58  Probe x2  
  143  17:05  Probe  
  136  17:10  Probe  
  136  17:12  Disruptor x2  
  134  17:17  Stalker x4  
  119  17:23  Stalker  
  99  17:31  Zealot  
  99  17:32  Zealot x2  
  97  17:44  Stalker x3  
  93  18:00  Stalker x4  
  88  18:10  Zealot  
  88  18:11  Zealot x2  
  54  18:28  Stalker x3  
  54  18:29  Stalker  
  54  18:33  Zealot  
  53  18:34  Zealot  
Tags
 
Add a new tag
Caveats
  • Supply blocks, unpowered buildings, or Contaminate may cause inaccurate times.
  • Supply counts are checked every 10 seconds.